AoeStats
← Leão

Lombardia

508541189Analyzed
4v4 RM · 10d ago on Sep 22, 2026· 62m 32s· 8 players
Game mode
Random Map
Map size
Large (8 player)
Population
200
Speed
Normal
Resources
Standard
Victory
Conquest
Starting age
Dark Age
Ending age
Imperial Age
RankedLock teamsTeams togetherTeam positionsShared explorationLock speedFull tech treeHidden civsTurbo modeCheats
Victory
Defeat
🇧🇷 Saracens · Brazil
1341
+15
🇦🇷 Burgundians · Argentina
1299
+17
🇺🇸 Spanish · United States
1296
+17
🇦🇷 Persians · Argentina
1267
+18
🇧🇷 Franks · Brazil
1349
-18
🇧🇷 Italians · Brazil
1343
-18
🇧🇷 Britons · Brazil
1323
-17
🇧🇷 Persians · Brazil
1248
-14
el manuck
9:10 Feudal Age
9:46 Double-Bit Axe
10:10 Loom
10:48 Horse Collar
17:15 Castle Age
18:28 Bow Saw
18:18 Heavy Plow
19:35 Padded Archer Armor
23:55 Husbandry
26:01 Leather Archer Armor
31:18 Wheelbarrow
35:14 Imperial Age
33:30 Scale Barding Armor
33:36 Gold Mining
34:34 Chain Barding Armor
34:42 Bloodlines
35:46 Forging
35:26 Cavalier
36:42 Plate Barding Armor
38:06 Conscription
39:11 Iron Casting
41:13 Blast Furnace
49:32 Stone Mining
51:14 Light Cavalry
53:27 Caravan
58:10 Town Watch
58:40 Hand Cart
57:58 Capped Ram
59:44 Siege Ram
60:20 Hussar
ValkriaN
6:46 Double-Bit Axe
6:52 Loom
10:40 Feudal Age
11:12 Horse Collar
12:49 Bow Saw
15:30 Forging
19:12 Heavy Plow
20:55 Wheelbarrow
22:51 Castle Age
21:23 Scale Barding Armor
21:12 Gold Mining
24:04 Gold Shaft Mining
24:18 Husbandry
24:41 Chain Barding Armor
26:54 Hand Cart
27:36 Cavalier
29:44 Two-Man Saw
30:57 Iron Casting
34:51 Stone Mining
40:02 Imperial Age
38:33 Pikeman
39:15 Scale Mail Armor
39:18 Squires
39:05 Arson
39:26 Treadmill Crane
39:53 Caravan
40:40 Chain Mail Armor
40:08 Halberdier
42:18 Chemistry
41:39 Conscription
41:26 Burgundian Vineyards
42:32 Blast Furnace
42:03 Plate Mail Armor
42:55 Plate Barding Armor
43:36 Ballistics
44:13 Paladin
44:53 Light Cavalry
53:35 Padded Archer Armor
58:24 Hussar
59:07 Town Watch
59:54 Crop Rotation
VISTOYCONSI | Tafirol
10:31 Feudal Age
16:22 Castle Age
15:47 Scale Barding Armor
22:14 Double-Bit Axe
28:48 Wheelbarrow
29:28 Bloodlines
30:06 Forging
30:09 Horse Collar
32:19 Husbandry
35:18 Hand Cart
39:01 Imperial Age
36:54 Bow Saw
36:47 Heavy Plow
37:43 Gold Mining
38:43 Cavalier
40:05 Iron Casting
40:15 Chain Barding Armor
40:46 Gold Shaft Mining
44:48 Savar
46:46 Town Watch
51:16 Blast Furnace
52:23 Plate Barding Armor
53:17 Light Cavalry
55:23 Two-Man Saw
54:04 Light Cavalry
61:15 Scale Mail Armor
61:39 Stone Mining
grain8720
9:50 Feudal Age
10:27 Double-Bit Axe
13:08 Fletching
14:36 Padded Archer Armor
19:56 Horse Collar
21:09 Loom
26:06 Castle Age
26:09 Crossbowman
26:54 Thumb Ring
26:47 Bodkin Arrow
30:29 Ballistics
30:26 Leather Archer Armor
32:51 Wheelbarrow
39:54 Imperial Age
39:06 Elite Skirmisher
39:40 Gold Mining
43:01 Bracer
43:32 Ring Archer Armor
44:03 Chemistry
44:45 Arbalester
53:59 Conscription
54:00 Town Watch
54:31 Hand Cart
61:36 Caravan
Leão
8:35 Loom
10:21 Feudal Age
15:08 Castle Age
13:07 Double-Bit Axe
13:46 Fletching
14:17 Gold Mining
16:35 Bow Saw
20:56 Crossbowman
22:49 Padded Archer Armor
25:11 Bodkin Arrow
27:43 Horse Collar
28:40 Leather Archer Armor
29:01 Wheelbarrow
30:24 Town Watch
36:16 Ballistics
40:28 Imperial Age
38:15 Hand Cart
38:16 Heavy Plow
40:40 Arbalester
41:22 Bracer
41:53 Ring Archer Armor
42:26 Chemistry
41:54 Yeomen
46:20 Hand Cart
47:46 Conscription
47:47 Masonry
47:48 Fortified Wall
49:17 Two-Man Saw
51:53 Caravan
59:40 Elite Skirmisher
[RZ] Joãozinho
9:02 Loom
11:13 Feudal Age
15:09 Castle Age
13:01 Double-Bit Axe
13:13 Horse Collar
22:29 Bow Saw
24:54 Wheelbarrow
25:56 Gold Mining
26:37 Heavy Plow
26:54 Hand Cart
27:23 Fletching
28:51 Ballistics
31:48 Imperial Age
33:32 Bodkin Arrow
35:18 Stone Mining
36:36 Stone Shaft Mining
36:29 Bracer
37:53 Chemistry
37:44 Elite Genoese Crossbowman
39:16 Padded Archer Armor
40:24 Scale Mail Armor
40:39 Leather Archer Armor
43:05 Town Watch
43:51 Town Patrol
47:36 Caravan
50:45 Conscription
57:12 Ring Archer Armor
59:51 Forging
59:46 Scale Barding Armor
61:33 Chain Mail Armor
[Rz] TK_puxa
7:56 Loom
10:03 Feudal Age
14:34 Castle Age
13:16 Double-Bit Axe
16:12 Gold Mining
19:51 Husbandry
20:42 Bow Saw
23:57 Horse Collar
25:50 Scale Barding Armor
28:40 Stone Mining
31:00 Gold Shaft Mining
30:51 Forging
31:25 Bloodlines
32:20 Chain Barding Armor
32:35 Iron Casting
36:11 Iron Casting
37:20 Stone Shaft Mining
38:51 Wheelbarrow
41:07 Imperial Age
41:13 Heavy Camel Rider
43:07 Hand Cart
42:25 Light Cavalry
43:41 Caravan
44:55 Hussar
46:25 Conscription
46:50 Plate Barding Armor
47:15 Blast Furnace
48:25 Blast Furnace
47:30 Cavalier
51:48 Fletching
52:13 Heavy Plow
55:02 Bodkin Arrow
56:08 Chemistry
55:30 Ballistics
56:23 Two-Man Saw
58:23 Savar
59:55 Savar
[RZ] Icaro
6:04 Loom
9:21 Feudal Age
10:08 Double-Bit Axe
14:38 Forging
14:34 Scale Barding Armor
21:56 Gold Mining
25:23 Castle Age
26:33 Husbandry
26:55 Chain Barding Armor
30:16 Iron Casting
35:07 Wheelbarrow
37:12 Bow Saw
39:22 Town Watch
46:13 Imperial Age
46:38 Cavalier
47:55 Plate Barding Armor
49:50 Blast Furnace
48:54 Caravan
49:46 Paladin
50:06 Light Cavalry
55:21 Fletching
57:12 Pikeman
57:52 Squires
Connection lost

Rejoining the realm…

Still unreachable

The connection could not be restored.

Session expired

The server has moved on; the page needs a fresh start.